 Dungeon Crawl Stone Soup version 0.25.1-8-g42b30a86e7 (webtiles) character file.

Game seed: 10170637896625206133

82 hawla the Skirmisher (level 4, -10/40 HPs)
             Began as a Minotaur Gladiator on Dec 3, 2020.
             Mangled by an orc warrior
             ... wielding a +2 war axe of venom
              (16 damage)
             ... on level 3 of the Dungeon.
             The game lasted 00:05:05 (1848 turns).

hawla the Skirmisher (Minotaur Gladiator)           Turns: 1848, Time: 00:05:07

Health: -10/40     AC:  5    Str: 19 (20) XL:     4   Next: 21%
Magic:  3/3        EV: 12    Int:  3 (5)  God:
Gold:   45         SH:  0    Dex:  9 (11) Spells: 3/3 levels left

rFire    . . .     SeeInvis .   a - +0 war axe
rCold    . . .     Gourm    .   (no shield)
rNeg     . . .     Faith    .   h - +0 ring mail (curse)
rPois    .         Spirit   .   c - +0 hat
rElec    .         Reflect  .   (no cloak)
rCorr    .         Harm     .   (no gloves)
MR       .....                  (no boots)
Stlth    +.........             (no amulet)
HPRegen  0.13/turn              j - ring of stealth
MPRegen  0.08/turn              (no ring)

@: lethally poisoned (-10 -> -33), flying
A: retaliatory headbutt, horns 2
a: no special abilities


You were on level 3 of the Dungeon.
You were not hungry.

You visited 1 branch of the dungeon, and saw 3 of its levels.

You collected 45 gold pieces.

Inventory:

Hand Weapons
 a - a +0 war axe (weapon)
Missiles
 b - 3 boomerangs (quivered)
 d - 3 throwing nets
Armour
 c - a +0 hat (worn)
 h - a cursed +0 ring mail (worn)
Jewellery
 j - a ring of stealth (left hand)
Scrolls
 e - 5 scrolls of identify
 i - a scroll of immolation {unknown}
 k - 3 scrolls of remove curse
 l - 2 scrolls of fog {unknown}
 o - a scroll of enchant armour {unknown}
 p - a scroll of enchant weapon {unknown}
Comestibles
 f - 4 rations
 g - 4 chunks of flesh


   Skills:
 * Level 4.2 Fighting
 - Level 3.6 Axes
 + Level 2.8 Throwing
 + Level 2.1 Armour
 - Level 3.2 Dodging


You had 3 spell levels left.
You didn't know any spells.
Your spell library was empty.

Dungeon Overview and Level Annotations

Branches:
Dungeon (3/15)

Altars:
Elyvilon


Innate Abilities, Weirdness & Mutations

You reflexively headbutt those who attack you in melee.
You have a pair of horns on your head.


Message History

The orc shouts!
You hear a shout! x3
The orc warrior hits you with a +2 war axe of venom!!
You are poisoned.
There is a stone staircase leading up, spattered with blood here.
It was a potion of heal wounds.
You feel much better.
You feel sick.
The orc warrior hits you with a +2 war axe of venom!!
Ouch! That really hurt!
It was a potion of flight.
You feel very buoyant.
You fly up into the air.
You feel sick.
The orc warrior hits you with a +2 war axe of venom!
* * * LOW HITPOINT WARNING * * *
You are more poisoned.
It was a potion of degeneration.
There was something very wrong with that liquid.
You feel weakened.
You feel dopey.
You feel clumsy.
* * * LOW HITPOINT WARNING * * *
You feel sick.
The orc warrior hits you with a +2 war axe of venom!
You die...

##########
#......รท.#
#.......@#
#......%o#
#.....?..#
#.......o..
#............
#.........$....
#..............
.......?.o.....
.########......


You could see an orc warrior, an orc wizard and an orc.

Vanquished Creatures
  3 adders (D:2)
  A worm (D:2)
  2 dart slugs (D:2)
  2 leopard geckos
  An orc (D:2)
  3 giant cockroaches
  4 goblins (D:2)
  5 hobgoblins
  6 jackals
  5 kobolds
  2 ball pythons (D:2)
  A bat (D:1)
  4 frilled lizards
  5 rats
44 creatures vanquished.

Notes
Turn   | Place    | Note
-------+----------+-------------------------------------------
     0 | D:1      | hawla the Minotaur Gladiator began the quest for the Orb.
     0 | D:1      | Reached XP level 1. HP: 18/18 MP: 0/0
   370 | D:1      | Reached skill level 3 in Fighting
   370 | D:1      | Reached XP level 2. HP: 19/26 MP: 1/1
   466 | D:1      | Reached skill level 1 in Armour
  1065 | D:2      | Reached XP level 3. HP: 31/31 MP: 2/2
  1224 | D:2      | Reached skill level 4 in Fighting
  1439 | D:2      | Found a white marble altar of Elyvilon.
  1621 | D:2      | Reached XP level 4. HP: 40/40 MP: 3/3
  1708 | D:3      | Noticed an orc warrior
  1848 | D:3      | Mangled by an orc warrior

Illustrated notes

Levels and vault maps discovered:
D:1:      dpeg_arrival_radiant, layout_basic
D:2:      layout_rooms, elyvilon_altar_5, serial_curves, eino_curves_04,
          eino_curves_03, eino_curves_01, kennysheep_generic_room_13
D:3:      layout_rooms, nicolae_ru_awakened_eye, marbit_many_paths,
          first_ration, hangedman_decor_push, moated_statue, minivault_11

Skill      XL: |  1  2  3 |
---------------+----------+-----
Fighting       | 3 4 |  4.2
Armour         | 1 2 |  2.1
Axes           | |  3.6
Throwing       | |  2.8
Dodging        | |  3.2

Action                   |  1- 3 |  4- 6 || total
-------------------------+-------+-------++-------
Melee: War axe           |    63 |     5 ||    68
       Headbutt          |    13 |       ||    13
Throw: Boomerang         |     7 |       ||     7
  Use: Scroll            |     2 |       ||     2
       Potion            |       |     3 ||     3
 Stab: Sleeping          |     1 |     3 ||     4
  Eat: Chunk             |     2 |     1 ||     3
Armor: Leather armour    |     2 |       ||     2
       Robe              |     1 |       ||     1
       Ring mail         |    12 |     1 ||    13
Dodge: Dodged            |    44 |     7 ||    51
